 Seeded DCSS version 0.29.1-15-g9cfb28693d (webtiles) character file.

Game seed: 3932669917420912538 (custom seed)

215504 tkbsonic5 the Eclecticist (level 18, -10/112 HPs)
             Began as a Deep Elf Artificer on Feb 20, 2023.
             Was a High Priest of Ashenzari.
             Mangled by a salamander
             ... wielding a +3 glaive
              (19 damage)
             ... on level 4 of the Snake Pit on Mar 11, 2023.
             The game lasted 06:27:02 (40607 turns).

tkbsonic5 the Eclecticist (Deep Elf Artificer)     Turns: 40607, Time: 06:27:02

Health: -10/112    AC: 19    Str: 13    XL:     18   Next: 33%
Magic:  39/42      EV: 16    Int: 33    God:    Ashenzari [*****.]
Gold:   956        SH: 13    Dex: 19    Spells: 7/53 levels left

rFire   + . .      SeeInvis +   n - +10 dagger of the Ruined Jealousy {vamp, rC++, Self, Cun, Death Witch Isara} (curse)
rCold   + + +      Faith    .   P - +2 kite shield {reflect}
rNeg    . . .      Spirit   .   T - +0 ring mail of Toth-Mos's Legacy {Fly Will++ Int+4 Slay+3, Bglg, Evo} (curse)
rPois   +          Reflect  +   A - +0 helmet of Ashenzari's Soothsayer {Melee, Elem} (curse)
rElec   +          Harm     .   J - +0 cloak of Ashenzari's Free Will {Self, Cun} (curse)
rCorr   +          Rampage  .   c - +0 pair of gloves of Ashenzari's Pleiades {Alch, Bglg} (curse)
Will    +++..      Clarity  +   C - +2 pair of boots of the Shackled Sky {rPois Str+4 Dex+2, Alch, Cun} (curse)
Stlth   +++++.....              h - amulet "Lashed With Me" {RegenMP Int+6 Slay+5, Fort, Bglg} (curse)
HPRegen 0.28/turn               f - ring of Ashenzari's Visionary {AC+4, Fort, Melee} (curse)
MPRegen 0.68/turn               x - +4 ring of protection

@: lethally poisoned (-10 -> -16), about to teleport, death channelling,
resistant, weakened, wereblooded, flying, constricted
A: hooves 1
}: 1/15 runes: decaying
a: Renounce Religion, Curse Item, Shatter the Chains


You were on level 4 of the Snake Pit.
You worshipped Ashenzari.
Ashenzari was extremely pleased with you.
You visited 5 branches of the dungeon, and saw 30 of its levels.

You collected 4132 gold pieces.
You spent 3176 gold pieces at shops.

Inventory:

Hand Weapons
 n - the cursed +10 dagger of the Ruined Jealousy (weapon) {vamp, rC++, Self, Cun, Death Witch Isara}
   (You found it on level 2 of the Dungeon)

   It occasionally heals its wielder for a portion of the damage dealt when it
   wounds a living foe.
   rC:        It greatly protects you from cold.
   It has a curse which improves the following skills: Introspection: Fighting
   and Spellcasting.
   Cunning:   Dodging and Stealth.
 p - a +2 triple sword of draining
Missiles
 j - 62 poisoned darts
 K - 5 curare-tipped darts
 O - 3 throwing nets
 S - 2 boomerangs of dispersal
Armour
 c - the cursed +0 pair of gloves of Ashenzari's Pleiades (worn) {Alch, Bglg}
   (You found it on level 4 of the Dungeon)

   It has a curse which improves the following skills: Alchemy: Poison Magic and
   Transmutations.
   Beguiling: Conjurations, Hexes and Translocations.
 d - +0 steam dragon scales
 e - a +2 robe of cold resistance
 g - a +2 chain mail of cold resistance
 m - a +1 robe of willpower
 r - a +0 cloak
 z - a +0 pair of gloves
 A - the cursed +0 helmet of Ashenzari's Soothsayer (worn) {Melee, Elem}
   (You found it on level 3 of the Dungeon)

   It has a curse which improves the following skills: Melee Combat: Short
   Blades, Long Blades, Axes, Maces & Flails, Polearms, Staves and Unarmed
   Combat.
   Elements:  Fire Magic, Ice Magic, Air Magic and Earth Magic.
 C - the cursed +2 pair of boots of the Shackled Sky (worn) {rPois Str+4 Dex+2, Alch, Cun}
   (You found it on level 3 of the Dungeon)

   Str:       It affects your strength (+4).
   Dex:       It affects your dexterity (+2).
   rPois:     It protects you from poison.
   It has a curse which improves the following skills: Alchemy: Poison Magic and
   Transmutations.
   Cunning:   Dodging and Stealth.
 D - a +0 pair of boots
 E - a +2 robe of the Archmagi
 G - a +0 helmet
 J - the cursed +0 cloak of Ashenzari's Free Will (worn) {Self, Cun}
   (You found it on level 4 of the Lair of Beasts)

   It has a curse which improves the following skills: Introspection: Fighting
   and Spellcasting.
   Cunning:   Dodging and Stealth.
 P - a +2 kite shield of reflection (worn)
 R - a +3 troll leather armour
 T - the cursed +0 ring mail of Toth-Mos's Legacy (worn) {Fly Will++ Int+4 Slay+3, Bglg, Evo}
   (You found it on level 5 of the Lair of Beasts)

   Int:       It affects your intelligence (+4).
   Slay:      It affects your accuracy & damage with ranged weapons and melee
   (+3).
   Fly:       It grants you flight.
   Will:      It greatly increases your willpower.
   It has a curse which improves the following skills: Beguiling: Conjurations,
   Hexes and Translocations.
   Evocations: Evocations.
Magical Staves
 o - a staff of earth
 t - a staff of death
Jewellery
 f - the cursed ring of Ashenzari's Visionary (left hand) {AC+4, Fort, Melee}
   (You found it on level 1 of the Dungeon)

   [ring of protection]

   AC:        It affects your AC (+4).
   It has a curse which improves the following skills: Fortitude: Armour and
   Shields.
   Melee Combat: Short Blades, Long Blades, Axes, Maces & Flails, Polearms,
   Staves and Unarmed Combat.
 h - the cursed amulet "Lashed With Me" (around neck) {RegenMP Int+6 Slay+5, Fort, Bglg}
   (You bought it in a shop on level 2 of the Orcish Mines)

   [amulet of magic regeneration]

   It increases your rate of magic regeneration.
   Int:       It affects your intelligence (+6).
   Slay:      It affects your accuracy & damage with ranged weapons and melee
   (+5).
   It has a curse which improves the following skills: Fortitude: Armour and
   Shields.
   Beguiling: Conjurations, Hexes and Translocations.
 v - an amulet of guardian spirit
 x - a +4 ring of protection (right hand)
 B - a +6 ring of strength
 L - a ring of wizardry
 N - an amulet of the acrobat
 Q - a +4 ring of evasion
 V - a ring of flight
 Y - an amulet of reflection
 Z - a ring of ice
Wands
 k - a wand of roots (3)
 u - a wand of acid (6)
 y - a wand of charming (16)
 X - a wand of flame (47)
Scrolls
 l - 4 scrolls of teleportation
 H - 2 scrolls of poison
Potions
 a - 2 potions of heal wounds
 b - a potion of magic
 i - 9 potions of lignification
 q - a potion of berserk rage
 s - 8 potions of flight
 w - a potion of might
 F - a potion of cancellation
 I - 7 potions of curing
 U - a potion of brilliance
Miscellaneous
 W - a condenser vane (inert)


   Skills:
 * Level 9.0(12.5) Fighting
 - Level 8.0(11.5) Short Blades
 - Level 3.8 Ranged Weapons
 - Level 0.7(2.3) Armour
 + Level 11.8(16.3) Dodging
 * Level 10.4(14.9) Stealth
 * Level 3.3(6.3) Shields
 * Level 15.0(18.4) Spellcasting
 * Level 12.8(17.3) Conjurations
 * Level 14.3(18.8) Hexes
 - Level 3.4 Summonings
 + Level 12.2 Necromancy
 - Level 1.1(3.6) Translocations
 + Level 9.4(12.8) Transmutations
 * Level 10.5(12.8) Fire Magic
 - Level 3.7(5.8) Ice Magic
 - Level 2.7(4.6) Air Magic
 * Level 11.5(13.7) Earth Magic
 - Level 3.0(5.9) Poison Magic
 - Level 8.2(10.6) Evocations


You had 7 spell levels left.
You knew the following spells:

 Your Spells              Type           Power      Damage    Failure   Level
a - Necrotise             Necr           100%       1d9       1%          1
b - Summon Small Mammal   Summ           100%       N/A       1%          1
c - Dispel Undead         Necr           84%        3d27      1%          4
d - Anguish               Hex/Necr       46%        N/A       1%          4
e - Summon Guardian Gole  Hex/Summ       81%        N/A       1%          3
f - Sticky Flame          Conj/Fire      92%        2d10      1%          4
g - Stone Arrow           Conj/Erth      100%       3d13      1%          3
h - Death Channel         Necr           42%        N/A       7%          6
i - Wereblood             Tmut           86%        N/A       1%          2
j - Yara's Violent Unrav  Hex/Tmut       47%        3d18      1%          5
k - Enfeeble              Hex            50%        N/A       2%          7
l - Starburst             Conj/Fire      46%        6d13      2%          6

Your spell library contained the following spells:

 Spells                   Type           Power      Damage    Failure   Level
 Slow                     Hex            100%       N/A       0%          1
 Confusing Touch          Hex            100%       N/A       0%          3
 Tukima's Dance           Hex            100%       N/A       0%          3
 Apportation              Tloc           100%       N/A       1%          1
 Beastly Appendage        Tmut           100%       N/A       1%          1
 Freeze                   Ice            100%       1d11      1%          1
 Sting                    Tmut/Pois      100%       1d8       1%          1
 Ensorcelled Hibernation  Hex/Ice        100%       N/A       1%          2
 Poisonous Vapours        Pois/Air       100%       N/A       1%          2
 Static Discharge         Conj/Air       80%        3-13/arc  1%          2
 Sublimation of Blood     Necr           84%        N/A       1%          2
 Frozen Ramparts          Ice            100%       1d16      1%          3
 Inner Flame              Hex/Fire       94%        N/A       1%          3
 Spider Form              Tmut/Pois      75%        N/A       1%          3
 Vampiric Draining        Necr           84%        2d12      1%          3
 Animate Armour           Summ/Erth      100%       N/A       1%          4
 Cause Fear               Hex            50%        N/A       1%          4
 Hailstorm                Conj/Ice       82%        3d17      1%          4
 Ice Form                 Ice/Tmut       75%        N/A       1%          4
 Petrify                  Tmut/Erth      87%        N/A       1%          4
 Borgnjor's Vile Clutch   Necr/Erth      43%        N/A       1%          5
 Fireball                 Conj/Fire      46%        3d18      1%          5
 Metabolic Englaciation   Hex/Ice        42%        N/A       1%          5
 Summon Mana Viper        Hex/Summ       81%        N/A       1%          5
 Corpse Rot               Necr/Pois/Air  69%        N/A       3%          4
 Call Canine Familiar     Summ           52%        N/A       4%          3
 Alistair's Intoxication  Tmut/Pois      50%        N/A       4%          5
 Statue Form              Tmut/Erth      58%        N/A       4%          6
 Olgreb's Toxic Radiance  Pois           62%        N/A       6%          4
 Summon Ice Beast         Ice/Summ       57%        N/A       11%         4
 Passage of Golubria      Tloc           53%        N/A       16%         4
 Eringya's Noxious Bog    Tmut/Pois      37%        N/A       22%         6
 Simulacrum               Ice/Necr       37%        N/A       26%         6
 Monstrous Menagerie      Summ           26%        N/A       100%        7
 Summon Hydra             Summ           26%        N/A       100%        7
 Discord                  Hex            50%        N/A       21%         8
 Lehudib's Crystal Spear  Conj/Erth      46%        10d11     61%         8
 Ignition                 Fire           43%        3d12      93%         8
 Chain Lightning          Conj/Air       40%        3d53      100%        9
 Fire Storm               Conj/Fire      46%        8d12      100%        9
 Shatter                  Erth           44%        3d34*     100%        9


Dungeon Overview and Level Annotations

Branches:
Dungeon (15/15)            Temple (0/1) D:4            Lair (5/5) D:8
  Swamp (4/4) Lair:2        Snake (4/4) Lair:3        Slime (0/5) Lair:5
    Orc (2/2) D:12            Elf (0/3) Orc:2        Vaults (0/5) D:13
 Depths (0/4) D:15

Altars:
Ashenzari
Dithmenos
Gozag
Makhleb
Qazlal
Uskayaw
Xom
Jiyva

Shops:
D:6 =   D:8 ((?(*   D:13 (   Orc:2 =(*[   Snake:4 ([[

Portals:
Abyss: D:15

Annotations:
D:15 2 transporters, Xaxav's ghost, adept GrMo
Lair:2 2 transporters
Snake:3 Roxanne


Innate Abilities, Weirdness & Mutations

You have large cloven feet.


Message History

You partially resist.
The air fills with toxic fumes!
As you read the scroll of poison, it crumbles to dust.
You feel very sick.
The salamander hits you but does no damage.
The salamander hits you with a +0 trident!
You are engulfed in flames.
You resist.
The salamander tyrant gazes fiercely through you!
You feel as though you will be weak longer.
You block the salamander tyrant's attack.
The salamander tyrant closely misses you.
The salamander tyrant calls gouts of flame from the lava!
The flame surge hits you! You resist.
The salamander mystic points at the salamander and mumbles some strange words.
The salamander seems to speed up.
The nagaraja hits you with a +0 halberd.
The nagaraja grabs you. The nagaraja constricts you.
Okay, then.
Okay, then.
Clouds of flame condense around you!
The condenser dries out!
You feel sick.
The naga warrior is no longer dazed.
The naga warrior is no longer blind.
The naga warrior is no longer weakened.
You block the salamander's attack. The salamander closely misses you.
The guardian serpent is engulfed in blazing flames. x2
The salamander hits you with a +0 trident!
You are engulfed in flames.
You resist.
* * * LOW HITPOINT WARNING * * *
The salamander tyrant gazes fiercely through you!
You feel as though you will be weak longer.
The salamander tyrant misses you.
The salamander tyrant calls gouts of flame from the lava!
The flame surge hits you!! You resist.
* * * LOW HITPOINT WARNING * * *
You block the salamander tyrant's attack.
The salamander mystic hits you but does no damage.
The salamander hits you but does no damage.
The nagaraja misses you. The nagaraja constricts you.
* * * LOW HITPOINT WARNING * * *
The salamander hits you from afar with a +3 glaive!!
You die...

#.............#....###
.###.......###.##..####
*,
#*~##.≈≈≈.##§####..####
* *, ~
~~##≈≈≈##≈§§≈###..### ,
~~ #####§§§§§####..## ,
~ , §S§§≈§####.§## ** *
,~~~~ §§§N§§§###§§## *
~ ~ §{§§§NNNN§§### ~~ ~
, §≈§SNN@N§#### , ~~
,≈≈§§§§NN###### ~
,,≈§§§§§####### ,~ ,
§§§§§§##### ,, ~ ~§.§S§
, ~~ §§###* *****#


You could see a nagaraja (strong), a naga warrior, 3 salamander tyrants, a
salamander mystic (strong), 3 salamanders, 3 guardian serpents and a naga mage
(strong).

Vanquished Creatures
  A bone dragon (Swamp:4)
  Rupert (Lair:3)
  Frances (D:12)
  Agnes (Snake:2)
  A fenstrider witch (Swamp:4)
  Kirke (Lair:3)
  Donald (Snake:1)
  2 nagarajas
  Aizul (Snake:1)
  An orc warlord (Orc:2)
  A stone giant (D:15)
  Nessos (Orc:2)
  8 eleionomae
  4 bunyips
  Josephine (D:12)
  Fannar (Lair:1)
  2 salamander tyrants
  A vault guard (D:13)
  4 catoblepae
  11 hydras
  3 ghost crabs
  3 boulder beetles
  9 anacondas
  7 alligators
  8 naga warriors
  3 two-headed ogres
  5 death yaks
  3 tengu warriors
  Urug (Orc:2)
  15 naga sharpshooters
  4 orc high priests (Orc:2)
  9 shock serpents
  12 spriggans
  A fire crab (Lair:4)
  6 skeletal warriors (D:15)
  5 goliath frogs
  3 salamander mystics
  A swamp dragon (Swamp:2)
  6 spriggan druids
  2 phantasmal warriors (Swamp:4)
  2 spectral hydras (Swamp:4)
  3 naga ritualists
  8 bog bodies
  2 wizards (D:13)
  Pikel (D:5)
  5 orc sorcerers (Orc:2)
  3 orc knights (Orc:2)
  4 ugly things
  13 salamanders
  A manticore (D:12)
  4 will-o-the-wisps
  11 mana vipers
  4 cyclopes
  Maurice (D:8)
  39 black mambas
  7 elephants
  5 guardian serpents
  4 cane toads
  13 naga magi
  2 gargoyles
  A torpor snail (Lair:5)
  7 rime drakes (Lair:2)
  3 swamp worm zombies (Swamp:4)
  2 kobold demonologists
  A yaktaur (D:13)
  An efreet (D:15)
  A komodo dragon (Lair:4)
  An unseen horror (D:11)
  A tengu conjurer (D:13)
  A hydra zombie (Swamp:4)
  4 bloated husks (Swamp:4)
  6 tyrant leeches
  10 hornets
  6 trolls
  6 polar bears
  7 blink frogs
  3 spectral swamp dragons (Swamp:4)
  2 alligator zombies (Swamp:4)
  7 slime creatures
  A dream sheep (Lair:5)
  5 wyverns
  43 yaks
  4 shadows
  A hog (Lair:3)
  13 humans (D:13)
  A water elemental (D:12)
  4 wraiths (D:12)
  8 steam dragons
  3 basilisks
  16 vampire mosquitoes
  2 wargs
  20 nagas
  12 swamp worms
  13 hell hounds (Lair:5)
  10 water moccasins
  3 swamp drakes
  A sky beast (D:7)
  5 swamp dragon zombies (Swamp:4)
  29 orc warriors
  10 black bears
  4 ogres
  12 wolves
  9 centaurs
  2 lemures (D:5)
  6 phantoms (Swamp:4)
  5 kobold brigands
  10 bullfrogs
  3 scorpions
  7 wights
  18 killer bees
  10 howler monkeys
  6 electric eels
  2 jellies
  3 gnoll boudas
  16 orc priests
  5 hounds
  4 iguanas
  28 orc wizards
  2 spectral swamp drakes (Swamp:4)
  11 gnolls
  5 adders
  3 river rats
  A shadow imp (D:8)
  4 white imps
  2 dart slugs (D:1)
  76 orcs
  5 ball pythons
  4 bats
  3 endoplasms
  5 giant cockroaches
  7 goblins
  6 hobgoblins
  3 jackals (D:2)
  3 quokkas
  A frilled lizard (D:3)
  26 kobolds
  4 rats
878 creatures vanquished.

Vanquished Creatures (collateral kills)
  A bunyip (Swamp:3)
  A shambling mangrove (Swamp:3)
  A hydra (Swamp:1)
  A vault guard (D:13)
  2 anacondas (Snake:3)
  2 naga warriors
  A death yak (Lair:5)
  An orc high priest (Orc:2)
  A salamander mystic (Snake:1)
  A goliath frog (Swamp:3)
  A swamp dragon (Swamp:3)
  A naga ritualist (Snake:4)
  A spectral hydra (Swamp:4)
  An ugly thing (D:14)
  An orc sorcerer (Orc:2)
  A mana viper (Snake:3)
  5 salamanders
  A will-o-the-wisp (Swamp:1)
  6 black mambas
  2 naga magi (Snake:4)
  A cane toad (Lair:5)
  4 polar bears (Lair:5)
  A bloated husk (Swamp:1)
  2 blink frogs (Lair:5)
  4 slime creatures
  8 dream sheep (Lair:5)
  3 humans (D:13)
  2 yaks (Lair:2)
  A basilisk (Lair:5)
  2 wargs (Lair:5)
  A swamp worm (Swamp:4)
  3 nagas (Snake:1)
  4 hell hounds (Lair:5)
  A water moccasin (Lair:5)
  An ice beast (D:7)
  2 orc warriors
  6 black bears (Lair:5)
  A swamp dragon zombie (Swamp:4)
  8 wolves
  A centaur (D:13)
  A wight (D:9)
  A jelly (Lair:5)
  4 orc priests
  An iguana (D:5)
  3 orc wizards
  3 gnolls
  15 orcs
  A giant cockroach (D:1)
117 creatures vanquished.

Vanquished Creatures (others)
  Jorgrun (D:12)
  A thorn hunter (Swamp:4)
  A hydra (Lair:4)
  A centaur warrior (D:13)
  A boulder beetle (D:10)
  An anaconda (Snake:1)
  A naga warrior (Snake:3)
  Sonja (Lair:1)
  A shock serpent (Snake:1)
  A spriggan druid (Swamp:2)
  A skeletal warrior (D:15)
  A bog body (Lair:2)
  A mana viper (Snake:3)
  2 ugly things (D:14)
  A cyclops (D:14)
  A manticore (D:14)
  2 black mambas
  A naga mage (Snake:1)
  2 cane toads (Lair:4)
  2 rime drakes (Lair:2)
  A komodo dragon (Lair:4)
  2 polar bears (Lair:5)
  A blink frog (Lair:2)
  A tyrant leech (Swamp:2)
  A troll (D:12)
  2 bloated husks
  19 yaks
  3 humans (D:13)
  2 steam dragons (Lair:2)
  A warg (Lair:5)
  2 nagas
  3 water moccasins
  5 orc warriors
  An ogre (D:12)
  4 wolves
  3 centaurs (D:13)
  2 kobold brigands (D:12)
  3 gnoll sergeants (D:12)
  A necrophage (D:8)
  A scorpion (D:4)
  3 wights
  2 electric eels
  A hound (D:5)
  A jelly (Lair:5)
  An orc wizard (Orc:2)
  2 gnolls (Orc:2)
  7 orcs
  2 endoplasms (Lair:5)
  20 foxfires
  46 fungi
  46 plants
213 creatures vanquished.

Grand Total: 1208 creatures vanquished

Notes
Turn   | Place    | Note
-------+----------+-------------------------------------------
     0 | D:1      | tkbsonic5 the Deep Elf Artificer began the quest for the
                  | Orb.
     0 | D:1      | Reached XP level 1. HP: 11/11 MP: 3/3
   112 | D:1      | Reached skill level 1 in Fighting
   293 | D:1      | Reached XP level 2. HP: 15/16 MP: 4/4
   712 | D:1      | Found a faded altar of an unknown god.
   812 | D:2      | Reached XP level 3. HP: 10/20 MP: 5/5
  1063 | D:2      | Identified the +10 dagger "Hejit" {vamp, rC++}
  1145 | D:2      | Reached skill level 1 in Ranged Weapons
  1421 | D:2      | Reached skill level 1 in Short Blades
  1650 | D:3      | You fall into a shaft and drop 3 floors!
  1650 | D:6      | Found a shimmering altar of Xom.
  1650 | D:6      | Found a shimmering altar of Xom.
  1705 | D:5      | Entered Level 5 of the Dungeon
  1705 | D:5      | Noticed a centaur
  1715 | D:5      | Reached XP level 4. HP: 25/26 MP: 6/6
  1718 | D:5      | Reached XP level 5. HP: 30/30 MP: 7/7
  1931 | D:5      | Noticed a black bear
  1940 | D:5      | Killed a black bear
  1941 | D:5      | Reached XP level 6. HP: 36/36 MP: 8/8
  2043 | D:5      | Noticed Pikel
  2048 | D:5      | Your ally Pikel died
  2049 | D:5      | Reached skill level 5 in Dodging
  2049 | D:5      | Reached XP level 7. HP: 41/41 MP: 9/9
  2170 | D:5      | Learned a level 1 spell: Necrotise
  2172 | D:5      | Learned a level 1 spell: Summon Small Mammal
  2175 | D:5      | Learned a level 2 spell: Ensorcelled Hibernation
  2376 | D:5      | Gained mutation: You have a beak for a mouth. [potion of
                  | mutation]
  2376 | D:5      | Gained mutation: You have a pair of small antennae on your
                  | head. [potion of mutation]
  2376 | D:5      | Gained mutation: Your spells are a little harder to cast,
                  | but a little more powerful. [potion of mutation]
  2555 | D:4      | Found a staircase to the Ecumenical Temple.
  2588 | D:4      | Found a glowing drain.
  2595 | D:4      | Learned a level 2 spell: Static Discharge
  2635 | D:4      | Found a broken altar of Ashenzari.
  2643 | D:4      | Saw a vision of the Swamp and the Snake Pit.
  2643 | D:4      | Noticed a naga mage
  2643 | D:4      | Noticed an anaconda
  2643 | D:4      | Noticed a six-headed hydra
  2643 | D:4      | Noticed a bog body
  2643 | D:4      | Noticed a black mamba
  2643 | D:4      | Noticed a black mamba
  2643 | D:4      | Noticed an anaconda
  2644 | D:4      | Noticed a shock serpent
  2647 | D:4      | Became a worshipper of Ashenzari the Shackled
  3410 | D:3      | Reached XP level 8. HP: 34/46 MP: 11/11
  3419 | D:3      | Reached skill level 1 in Necromancy
  3643 | D:3      | Reached skill level 1 in Spellcasting
  3643 | D:3      | Reached skill level 1 in Hexes
  3645 | D:3      | Found a hide-covered altar of Uskayaw.
  3734 | D:3      | Lost mutation: Your spells are a little harder to cast, but
                  | a little more powerful. [potion of mutation]
  3734 | D:3      | Lost mutation: You have a pair of small antennae on your
                  | head. [potion of mutation]
  3734 | D:3      | Gained mutation: Your mind is acute. (Int +4, Str/Dex -1)
                  | [potion of mutation]
  3734 | D:3      | Gained mutation: Your body sometimes deteriorates upon
                  | taking damage. [potion of mutation]
  3928 | D:3      | Identified the +2 pair of boots of the Enchanting Gods
                  | {rPois Str+4 Dex+2}
  4231 | D:6      | Reached skill level 1 in Ice Magic
  4250 | D:6      | Reached skill level 1 in Summonings
  4614 | D:6      | Found Riseronki's Jewellery Shoppe.
  4692 | D:6      | Learned a level 3 spell: Summon Guardian Golem
  4723 | D:6      | Reached skill level 2 in Spellcasting
  4723 | D:6      | Reached skill level 1 in Air Magic
  4723 | D:6      | Reached skill level 1 in Poison Magic
  4725 | D:6      | Reached skill level 1 in Conjurations
  4748 | D:6      | Reached skill level 5 in Evocations
  4847 | D:6      | Reached * piety under Ashenzari
  4906 | D:6      | Found a stormy altar of Qazlal.
  5058 | D:6      | Bought an amulet of reflection for 360 gold pieces
  5132 | D:7      | Reached skill level 5 in Stealth
  5152 | D:7      | Reached XP level 9. HP: 25/52 MP: 4/15
  5401 | D:7      | Reached skill level 3 in Spellcasting
  5406 | D:7      | Learned a level 4 spell: Sticky Flame
  5772 | D:7      | Reached ** piety under Ashenzari
  5830 | D:7      | Reached skill level 5 in Short Blades
  5830 | D:7      | Reached skill level 1 in Fire Magic
  6193 | D:8      | Found Kuikawuw's Antique Weapon Shoppe.
  6354 | D:8      | Found Apudau Puri's Assorted Antiques.
  6361 | D:8      | Noticed a troll
  6364 | D:8      | Killed a troll
  6365 | D:8      | Reached skill level 4 in Spellcasting
  6391 | D:8      | Learned a level 3 spell: Stone Arrow
  6545 | D:8      | Noticed a two-headed ogre
  6563 | D:8      | Killed a two-headed ogre
  6564 | D:8      | Reached skill level 1 in Earth Magic
  6564 | D:8      | Reached XP level 10. HP: 58/58 MP: 11/18
  6633 | D:8      | Noticed a death yak
  6687 | D:8      | Noticed a death yak
  6763 | D:8      | Noticed a death yak
  6820 | D:8      | Found an opulent altar of Gozag.
  6828 | D:8      | Found Woheeh's Magic Scroll Boutique.
  6828 | D:8      | Noticed Maurice
  6845 | D:8      | Killed Maurice
  6975 | D:8      | Bought a scroll of amnesia for 48 gold pieces
  6975 | D:8      | Bought a scroll of teleportation for 36 gold pieces
  6975 | D:8      | Bought a scroll of blinking for 90 gold pieces
  6994 | D:8      | Found Rawkaogh's Weapon Emporium.
  7001 | D:8      | Learned a level 4 spell: Dispel Undead
  7008 | D:8      | Found a staircase to the Lair.
  7034 | D:8      | Identified a scroll of acquirement
  7053 | D:8      | Found Quahideir's Antique Weapon Emporium.
  7509 | D:9      | Noticed a gargoyle
  7538 | D:9      | Killed a gargoyle
  7778 | D:9      | Reached skill level 5 in Spellcasting
  8011 | D:9      | Reached *** piety under Ashenzari
  8178 | D:9      | Acquired the amulet "Ruroduke" {RegenMP rPois MP-9 Str+8}
  8635 | D:10     | Entered Level 10 of the Dungeon
  8667 | D:10     | Reached skill level 1 in Transmutations
  8711 | D:10     | Reached skill level 1 in Translocations
  8844 | D:10     | Noticed a two-headed ogre
  8848 | D:10     | Noticed a boulder beetle
  9154 | D:10     | Killed a two-headed ogre
  9155 | D:10     | Reached skill level 5 in Fighting
  9155 | D:10     | Reached XP level 11. HP: 63/63 MP: 7/21
  9186 | D:10     | Killed a boulder beetle
  9580 | D:11     | Learned a level 4 spell: Anguish
  9683 | D:11     | Found a gate leading to a gauntlet.
  9951 | D:11     | Reached skill level 5 in Hexes
  9970 | D:11     | Reached skill level 6 in Spellcasting
 10045 | D:11     | Reached **** piety under Ashenzari
 10259 | D:11     | Noticed a red ugly thing
 10388 | Lair:1   | Entered Level 1 of the Lair of Beasts
 10447 | Lair:1   | Learned a level 6 spell: Death Channel
 10493 | Lair:1   | Noticed Sonja
 10498 | Lair:1   | Your ally Sonja died
 10651 | Lair:1   | Reached skill level 5 in Necromancy
 10908 | Lair:1   | Reached skill level 5 in Conjurations
 11272 | Lair:1   | Reached XP level 12. HP: 72/72 MP: 11/26
 11274 | Lair:1   | Noticed Fannar
 11523 | Lair:1   | Killed Fannar
 11825 | Lair:2   | Reached skill level 7 in Spellcasting
 11931 | Lair:2   | Noticed an eight-headed hydra
 12114 | Lair:1   | Learned a level 2 spell: Wereblood
 12259 | Lair:2   | Found a transporter.
 12333 | Lair:2   | Killed an eight-headed hydra
 12408 | Lair:2   | Identified the +7 mace "Nech" {freeze, *Corrode rElec
                  | Will+++ Stlth-}
 12514 | Lair:2   | Reached skill level 5 in Earth Magic
 12661 | Lair:2   | Found a transporter.
 12930 | Lair:2   | Found a staircase to the Swamp.
 13096 | Lair:3   | Reached skill level 5 in Fire Magic
 13168 | Lair:3   | Reached XP level 13. HP: 78/78 MP: 12/29
 13198 | Lair:3   | Reached skill level 8 in Spellcasting
 13198 | Lair:3   | Noticed Kirke
 13224 | Lair:3   | Killed Kirke
 13585 | Lair:3   | Upgraded the game from 0.29.1-14-g9c671dbff4 to
                  | 0.29.1-15-g9cfb28693d
 13850 | Lair:3   | Found a staircase to the Snake Pit.
 13892 | Lair:3   | Noticed Rupert
 13925 | Lair:3   | Killed Rupert
 14216 | Lair:4   | Identified the +0 chain mail of Purpose {Int+3 Slay+2}
 14434 | Lair:4   | Learned a level 5 spell: Yara's Violent Unravelling
 14522 | Lair:4   | Reached skill level 5 in Transmutations
 15617 | Lair:5   | Entered Level 5 of the Lair of Beasts
 16264 | Lair:4   | Reached skill level 9 in Spellcasting
 16996 | Lair:5   | Reached XP level 14. HP: 84/84 MP: 9/31
 17001 | Lair:5   | Reached skill level 10 in Dodging
 17265 | Lair:5   | Reached ***** piety under Ashenzari
 17647 | D:8      | Bought a scroll of poison for 48 gold pieces
 17647 | D:8      | Bought a scroll of blinking for 90 gold pieces
 17647 | D:8      | Bought a scroll of magic mapping for 90 gold pieces
 17682 | D:8      | Bought a potion of haste for 280 gold pieces
 17682 | D:8      | Bought a scroll of magic mapping for 210 gold pieces
 17768 | D:6      | Bought a +4 ring of protection for 432 gold pieces
 17976 | Lair:5   | Found a staircase to the Slime Pits.
 17979 | Lair:5   | Found a viscous altar of Jiyva.
 18372 | Lair:5   | Reached skill level 10 in Spellcasting
 18394 | Lair:5   | Identified the +0 ring mail of Eternal Night {Fly Will++
                  | Int+4 Slay+3}
 19039 | D:12     | Learned a level 7 spell: Enfeeble
 19604 | D:12     | Noticed Frances
 19617 | D:12     | Killed Frances
 20026 | D:12     | Noticed Jorgrun
 20055 | D:12     | Killed Jorgrun
 20250 | D:12     | Found a staircase to the Orcish Mines.
 20622 | D:12     | Noticed Josephine
 20632 | D:12     | Killed Josephine
 20807 | D:12     | Found a shadowy altar of Dithmenos.
 21453 | D:13     | Reached XP level 15. HP: 93/93 MP: 4/34
 21515 | D:13     | Found a gate to the Vaults.
 21531 | D:13     | Reached skill level 11 in Spellcasting
 21634 | D:13     | Found Virercho's Antique Weapon Shoppe.
 22376 | D:14     | Reached skill level 10 in Hexes
 22376 | D:14     | Reached skill level 10 in Necromancy
 22766 | D:14     | Reached skill level 1 in Shields
 22904 | D:14     | Found a flickering gateway to a bazaar.
 23074 | D:15     | Entered Level 15 of the Dungeon
 23239 | D:15     | Noticed a hellephant
 23239 | D:15     | Noticed an orc warlord
 23243 | D:15     | Noticed a tentacled starspawn
 23265 | D:15     | Noticed Xaxav's ghost (adept GrMo)
 23269 | D:15     | Found a transporter.
 23275 | D:15     | Lost mutation: Your body sometimes deteriorates upon taking
                  | damage. [potion of mutation]
 23275 | D:15     | Lost mutation: Your mind is acute. (Int +4, Str/Dex -1)
                  | [potion of mutation]
 23275 | D:15     | Gained mutation: You expend magic power (3 MP) to
                  | strengthen your wands. [potion of mutation]
 23275 | D:15     | Gained mutation: Your flesh is heat resistant. (rF+)
                  | [potion of mutation]
 23276 | D:15     | Lost mutation: You expend magic power (3 MP) to strengthen
                  | your wands. [potion of mutation]
 23276 | D:15     | Lost mutation: You have a beak for a mouth. [potion of
                  | mutation]
 23276 | D:15     | Lost mutation: Your flesh is heat resistant. (rF+) [potion
                  | of mutation]
 23276 | D:15     | Gained mutation: You have large cloven feet. [potion of
                  | mutation]
 23292 | D:15     | Found a transporter.
 23292 | D:15     | Found a one-way gate to the infinite horrors of the Abyss.
 23654 | D:15     | Found a staircase to the Depths.
 24097 | D:15     | Found a stormy altar of Qazlal.
 24411 | Orc:1    | Entered Level 1 of the Orcish Mines
 24676 | Orc:2    | Entered Level 2 of the Orcish Mines
 24679 | Orc:2    | Reached ****** piety under Ashenzari
 24923 | Orc:2    | Found a staircase to the Elven Halls.
 25017 | Orc:2    | Found a runed translucent door.
 25043 | Orc:2    | Noticed an orc warlord
 25441 | Orc:2    | Reached skill level 10 in Conjurations
 25931 | Orc:2    | Reached skill level 12 in Spellcasting
 25941 | Orc:2    | Noticed Urug
 25959 | Orc:2    | Killed Urug
 25982 | Orc:2    | Found a burning altar of Makhleb.
 26146 | Orc:2    | Killed an orc warlord
 26154 | Orc:2    | Learned a level 6 spell: Starburst
 26320 | Orc:2    | Found Risem's General Store.
 26321 | Orc:2    | Found Gaeqeq's Jewellery Boutique.
 26324 | Orc:2    | Found Pupiu's Antique Armour Shop.
 26325 | Orc:2    | Found Loupp's Antique Weapon Shop.
 26330 | Orc:2    | Bought a scroll of blinking for 97 gold pieces
 26330 | Orc:2    | Bought a potion of heal wounds for 65 gold pieces
 26330 | Orc:2    | Bought a potion of resistance for 130 gold pieces
 26333 | Orc:2    | Bought the amulet of the Mackerel {RegenMP Int+6 Slay+5}
                  | for 1200 gold pieces
 26383 | Orc:2    | Noticed Nessos
 26394 | Orc:2    | Killed Nessos
 26870 | Snake:1  | Entered Level 1 of the Snake Pit
 26892 | Snake:1  | Noticed Donald
 26905 | Snake:1  | Killed Donald
 27107 | Snake:1  | Reached XP level 16. HP: 89/100 MP: 18/37
 27912 | Snake:1  | Noticed Aizul
 27922 | Snake:1  | Killed Aizul
 28178 | Snake:2  | Reached skill level 13 in Spellcasting
 28683 | Snake:2  | Identified the +1 chain mail "Vuagutz" {Fly Str+3}
 29076 | Snake:2  | Found a hide-covered altar of Uskayaw.
 29077 | Snake:2  | Noticed Agnes
 29086 | Snake:2  | Killed Agnes
 29156 | Snake:2  | Reached skill level 10 in Earth Magic
 29546 | Snake:3  | Found a runed translucent gate.
 29547 | Snake:3  | Found a runed translucent gate.
 30088 | Snake:3  | Identified Roxanne's Guidebook on Spelunking
 30088 | Snake:3  | Noticed Roxanne
 30273 | Snake:3  | HP: 4/100 [Roxanne/crystal spear (48)]
 31367 | Snake:3  | Found a runed translucent gate.
 31814 | Swamp:1  | Entered Level 1 of the Swamp
 32796 | Swamp:1  | Reached XP level 17. HP: 106/106 MP: 34/40
 32901 | Swamp:1  | Identified the +5 chain mail of Dumeczev {+Blink rElec rN+}
 33943 | Swamp:2  | Reached skill level 14 in Spellcasting
 35286 | Swamp:4  | Entered Level 4 of the Swamp
 36844 | Swamp:4  | Reached skill level 10 in Fire Magic
 37664 | Swamp:4  | Noticed a bone dragon
 37681 | Swamp:4  | Killed a bone dragon
 37802 | Swamp:4  | Got a decaying rune of Zot
 38200 | Snake:4  | Entered Level 4 of the Snake Pit
 39528 | Snake:4  | Found Vosug Huz's Weapon Shoppe.
 39530 | Snake:4  | Found Ijafoimo's Armour Emporium.
 39532 | Snake:4  | Found Golis's Armour Shoppe.
 39574 | Snake:4  | Reached XP level 18. HP: 70/112 MP: 6/42
 39596 | Snake:4  | Reached skill level 10 in Stealth
 40309 | Snake:4  | Reached skill level 15 in Spellcasting
 40607 | Snake:4  | Mangled by a salamander

Illustrated notes

Levels and vault maps discovered:
D:1:      psy_arrival_dodecagon, layout_basic,
          hellmonk_ecumenical_altar_leap_of_faith
D:2:      cheibrodos_old_hovel, layout_basic, kennysheep_nondescript
D:3:      layout_loops_ring, mainiacjoe_overflow_six_doors_small,
          serial_bayou_pond_e
D:4:      layout_loops_ring, grunt_ashenzari_visionary
          [grunt_ashenzari_visionary_swamp, grunt_ashenzari_visionary_snake],
          minmay_temple_entry_stoned_glass, portal_sewer_entry_a
D:5:      layout_basic, uniq_pikel
D:6:      layout_rooms, xom_redecorated, mainiacjoe_overflow_chevrons,
          nicolae_inconvenience_store, st_stairs_5
D:7:      layout_loops_ring
D:8:      minmay_opposing_rooms, layout_rooms, grunt_gozag_statues,
          dpeg_lair_monsters, serial_shops, shop, nicolae_lakefront_shop,
          nicolae_square_shop, shop, nicolae_shop_competitors_out_of_business,
          eino_small_chamber_without_monster, serial_park_tiny_pond,
          kennysheep_generic_room_8, uniq_maurice
D:9:      layout_stronghold
D:10:     layout_roguey, grunt_decor_arrowhead
D:11:     layout_irregular_city, gauntlet_entry_generic,
          kennysheep_cluttered_room
D:12:     layout_basic, kennysheep_orc_monster_closet_entryway,
          amcnicky_mini_rare_corridor_liquid, grunt_dithmenos_shadows,
          uniq_frances, uniq_jorgrun, uniq_josephine
D:13:     layout_irregular_city, grunt_vaults_entry_tiered, serial_shops,
          shop_coins, hangedman_abyss_or_decor_clamps, feat_on_display
D:14:     layout_basic, serial_shops, bzr_entry_customers, corexii_corridor_pit
D:15:     grunt_enter_depths_snipers, layout_basic,
          gammafunk_ghost_abyssal_escape, grunt_qazlal_clouds
Lair:1:   layout_cave_pods, uniq_sonja, uniq_fannar
Lair:2:   gammafunk_cloud_chamber, layout_chaotic_city,
          nicolae_swamp_entry_splash_gauntlet, bobbens_dragon_lair_wall,
          infiniplex_staircase_pool_2
Lair:3:   layout_gridlike, uniq_rupert, uniq_kirke
Lair:4:   layout_concentric_octagons, columned_hall_lemuel, lemuel_fruit_tree,
          serial_bayou_shore_b, grunt_megastairs_5
Lair:5:   hangedman_lair_caniforms_friends, layout_misc_corridors,
          nicolae_slime_entry_slimehenge, grunt_megastairs_4,
          serial_bayou_shore_b
Swamp:1:  layout_falls_marsh, hangedman_swamp_ruin_wall
Swamp:2:  nicolae_swamp_long_stream, layout_basic_swamp,
          nicolae_swamp_tree_isthmus, swamp_pool1, st_swamp_mini
Swamp:3:  layout_basic_swamp, evilmike_swamp_ruin_house_6, swamp_pool4,
          hangedman_swamp_blocks
Swamp:4:  swamp_pestilence, layout_basic_swamp
Snake:1:  layout_rooms, nicolae_snake_shapes, uniq_aizul, uniq_donald
Snake:2:  layout_honeycomb, basic_altar, uniq_agnes
Snake:3:  layout_grid_shapes, nicolae_snake_horde_hoard, uniq_roxanne
Snake:4:  grunt_snake_rune_pools, layout_misc_corridors, minmay_shop_star
Orc:1:    layout_caves, serial_shops, shop, nicolae_orc_flooded_monolith,
          uniq_erolcha
Orc:2:    st_orc_congregation, layout_diamond_mine, basic_altar,
          lightli_church_of_beogh, uniq_urug, uniq_nessos

Skill      XL: |  1  2  3  4  5  6  7  8  9 10 11 12 13 14 15 16 17 18 |
---------------+-------------------------------------------------------+-----
Fighting       | 1 2 3 4 5 6 7 8 9 |  9.0
Stealth        | 2 3 4 5 6 7 8 9 10 | 10.4
Ranged Weapons | 1 2 3 |  3.8
Short Blades   | 1 2 3 4 5 6 7 8 |  8.0
Dodging        | 3 5 6 7 8 9 10 11 | 11.8
Evocations     | 4 5 6 7 8 |  8.2
Necromancy     | 2 3 5 6 8 9 10 11 12 | 12.2
Spellcasting   | 2 4 5 6 7 9 10 12 13 14 15 | 15.0
Hexes          | 2 3 4 5 6 7 9 11 13 14 | 14.3
Ice Magic      | 1 2 3 |  3.7
Summonings     | 1 2 3 |  3.4
Air Magic      | 1 2 |  2.7
Poison Magic   | 1 2 3 |  3.0
Conjurations   | 1 3 5 6 7 9 10 11 12 | 12.8
Fire Magic     | 2 3 4 5 6 7 9 10 | 10.5
Earth Magic    | 1 2 4 5 6 8 9 10 11 | 11.5
Transmutations | 1 3 4 5 6 7 8 9 |  9.4
Translocations | 1 |  1.1
Shields        | 1 2 3 |  3.3
Armour         | |  0.7

Action                   |  1- 3 |  4- 6 |  7- 9 | 10-12 | 13-15 | 16-18 || total
-------------------------+-------+-------+-------+-------+-------+-------++-------
Melee: Dagger            |    46 |    24 |   245 |   367 |   572 |   660 ||  1914
       Club              |    14 |       |       |       |       |       ||    14
       Peck              |       |       |    41 |    76 |   131 |       ||   248
       Punch             |       |       |     2 |    12 |     8 |       ||    22
 Fire: Sling             |    37 |     6 |     6 |       |       |       ||    49
Throw: Dart              |       |       |    61 |    33 |    13 |       ||   107
       Throwing net      |       |       |       |       |       |     3 ||     3
 Cast: Summon Small Mamm |       |       |    11 |    53 |    79 |    10 ||   153
       Necrotise         |       |       |     6 |    15 |    11 |     1 ||    33
       Static Discharge  |       |       |     2 |     3 |       |       ||     5
       Ensorcelled Hiber |       |       |     1 |       |       |       ||     1
       Summon Guardian G |       |       |     7 |    43 |    89 |    14 ||   153
       Stone Arrow       |       |       |     1 |    77 |   342 |    26 ||   446
       Dispel Undead     |       |       |       |     3 |       |    19 ||    22
       Anguish           |       |       |       |    33 |    83 |    26 ||   142
       Wereblood         |       |       |       |     2 |    46 |    16 ||    64
       Sticky Flame      |       |       |       |     2 |     8 |     7 ||    17
       Death Channel     |       |       |       |       |    50 |    44 ||    94
       Yara's Violent Un |       |       |       |       |    25 |    16 ||    41
       Enfeeble          |       |       |       |       |    27 |   261 ||   288
       Starburst         |       |       |       |       |    11 |    83 ||    94
Invok: Curse Item        |       |       |     3 |     5 |     6 |     2 ||    16
       Shatter the Chain |       |       |       |     1 |     4 |     3 ||     8
Evoke: Wand              |    11 |    12 |    37 |    41 |    16 |    23 ||   140
       Condenser vane    |       |       |       |       |     2 |     2 ||     4
  Use: Scroll            |     8 |       |     6 |    15 |    19 |    13 ||    61
       Potion            |       |       |     7 |     6 |    16 |     7 ||    36
 Stab: Sleeping          |     3 |       |     9 |     6 |     4 |    12 ||    34
       Betrayed ally     |       |     3 |       |       |       |       ||     3
       Distracted        |       |       |       |     2 |    10 |       ||    12
       Invisible         |       |       |       |       |    25 |   144 ||   169
       Petrified         |       |       |       |       |     1 |       ||     1
       Held in net/web   |       |       |       |       |       |     1 ||     1
Armor: Leather armour    |    27 |     2 |    23 |       |       |       ||    52
       Steam dragon scal |       |       |    28 |    59 |    68 |       ||   155
       Ring mail         |       |       |       |       |    83 |   175 ||   258
Dodge: Dodged            |    51 |    13 |    98 |   213 |   499 |   514 ||  1388
Block: Other             |       |       |     7 |    11 |       |       ||    18
       Reflection        |       |       |       |     2 |       |    30 ||    32
       Buckler           |       |       |       |       |    46 |    41 ||    87
       Kite shield       |       |       |       |       |       |   292 ||   292
